 Dungeon Crawl Stone Soup version 0.28.0-43-g3370ac3207 (webtiles) character file.

Game seed: 2053876843912507922

5980 jimonade the Transmogrifier (level 10, 0/82 HPs)
             Began as a Gnoll Wanderer on Mar 17, 2022.
             Was a Follower of Sif Muna.
             Slain by a water moccasin (8 damage)
             ... on level 1 of the Lair of Beasts.
             The game lasted 01:09:40 (16331 turns).

jimonade the Transmogrifier (Gnoll Wanderer)       Turns: 16331, Time: 01:09:41

Health: 0/82       AC:  9    Str: 11    XL:     10   Next: 85%
Magic:  34/37      EV: 13    Int: 17    God:    Sif Muna [*.....]
Gold:   610        SH:  0    Dex: 11    Spells: 13/21 levels left

rFire   . . .      SeeInvis .   u - +2 short sword (protect)
rCold   + . .      Faith    .   (no shield)
rNeg    . . .      Spirit   .   Q - +2 robe {Archmagi}
rPois   +          Reflect  .   S - +1 helmet of Ydwae {rPois rC+ Will+}
rElec   .          Harm     .   q - +0 cloak
rCorr   .          Rampage  .   (no gloves)
Will    +....      Archmagi +   K - +0 pair of boots
Stlth   +++.......              E - amulet of the acrobat
HPRegen 0.23/turn               l - ring of magical power
MPRegen 0.25/turn               t - ring of magical power

@: confusing by touch
A: fangs 1, strong nose, distributed training
a: Renounce Religion, Channel Magic


You were on level 1 of the Lair of Beasts.
You worshipped Sif Muna.
Sif Muna was aware of your devotion.
You visited 3 branches of the dungeon, and saw 11 of its levels.

You collected 610 gold pieces.

Inventory:

Hand Weapons
 r - a +1 dagger of venom
 u - a +2 short sword of protection (weapon)
 L - a +1 spear of flaming
Missiles
 e - 220 stones
 s - 10 boomerangs
 x - 112 arrows
 z - a throwing net
 D - 28 poisoned darts
 F - 25 sling bullets
Armour
 a - a +3 ring mail
 k - a +0 chain mail
 o - +0 steam dragon scales
 q - a +0 cloak (worn)
 H - a +1 leather armour of fire resistance
 K - a +0 pair of boots (worn)
 Q - a +2 robe of the Archmagi (worn)
 S - the +1 helmet of Ydwae (worn) {rPois rC+ Will+}
   (You found it on level 9 of the Dungeon)

   rC:        It protects you from cold.
   rPois:     It protects you from poison.
   Will:      It increases your willpower.
Magical Staves
 i - a staff of fire
Jewellery
 l - a ring of magical power (left hand)
 t - a ring of magical power (right hand)
 E - an amulet of the acrobat (around neck)
 J - a +6 ring of dexterity
Wands
 M - a wand of acid (11)
 R - a wand of mindburst (11)
Scrolls
 b - a scroll of identify
 v - a scroll of amnesia
 P - a scroll of brand weapon
Potions
 d - 2 potions of mutation {unknown}
 f - 2 potions of berserk rage
 g - 4 potions of heal wounds {unknown}
 h - a potion of brilliance {unknown}
 p - 2 potions of lignification {unknown}
 w - a potion of resistance {unknown}
 A - 2 potions of flight {unknown}
 B - 2 potions of might {unknown}
 N - 3 potions of curing


   Skills:
 + Level 8.7 Fighting
 + Level 5.6 Short Blades
 + Level 5.6 Long Blades
 + Level 5.6 Axes
 + Level 5.6 Maces & Flails
 + Level 5.6 Polearms
 + Level 5.6 Staves
 + Level 5.6 Slings
 + Level 5.6 Bows
 + Level 5.6 Crossbows
 + Level 5.6 Throwing
 + Level 5.6 Armour
 + Level 5.6 Dodging
 + Level 5.6 Stealth
 + Level 5.6 Shields
 + Level 5.6 Unarmed Combat
 + Level 6.4 Spellcasting
 + Level 4.6 Conjurations
 + Level 4.6 Hexes
 + Level 4.6 Summonings
 + Level 4.6 Necromancy
 + Level 4.6 Translocations
 + Level 10.0 Transmutations
 + Level 4.6 Fire Magic
 + Level 4.6 Ice Magic
 + Level 4.6 Air Magic
 + Level 4.6 Earth Magic
 + Level 4.6 Poison Magic
 + Level 6.2 Invocations
 + Level 6.3 Evocations


You had 13 spell levels left.
You knew the following spells:

 Your Spells              Type           Power      Damage    Failure   Level
a - Beastly Appendage     Tmut           100%       N/A       1%          1
b - Sting                 Tmut/Pois      100%       1d8       1%          1
c - Stone Arrow           Conj/Erth      64%        3d11      5%          3
d - Confusing Touch       Hex            32%        N/A       5%          3

Your spell library contained the following spells:

 Spells                   Type           Power      Damage    Failure   Level
 Inner Flame              Hex/Fire       32%        N/A       5%          3
 Ice Form                 Ice/Tmut       45%        N/A       6%          4
 Yara's Violent Unravell  Hex/Tmut       22%        3d10      17%         5
 Animate Armour           Summ/Erth      64%        N/A       19%         4
 Cause Fear               Hex            16%        N/A       19%         4
 Enfeeble                 Hex            16%        N/A       100%        7
 Discord                  Hex            16%        N/A       100%        8
 Lehudib's Crystal Spear  Conj/Erth      16%        10d5      100%        8


Dungeon Overview and Level Annotations

Branches:
Dungeon (9/15)             Temple (1/1) D:7            Lair (1/6) D:8
    Orc: D:9-12

Altars:
Ashenzari
Cheibriados
Dithmenos
Elyvilon
Fedhas
Gozag
Hepliaklqana
Kikubaaqudgha
Makhleb
Okawaru
Qazlal
Ru
Sif Muna
Trog
Uskayaw
Vehumet
Wu Jian
Xom
Yredelemnul
Zin
The Shining One

Shops:
D:4 (   D:8 [


Innate Abilities, Weirdness & Mutations

You have very sharp teeth.
Your uncanny sense of smell can sniff out nearby items.
Your experience applies equally to all skills.


Message History

The yak bellows!
Found a sedimented pink potion.
A cane toad comes into view.
The cane toad croaks.
A water moccasin comes into view.
Found 16 stones.
You hit the cane toad but do no damage.
Your weapon exudes an aura of protection.
The cane toad stings you!
Casting: Confusing Touch (dangerous; 5% risk of failure)
Confirm with . or Enter, or press ? or * to list all spells.
You feel a surge of power!
Your hands begin to glow red.
The cane toad stings you!
You hit the cane toad but do no damage.
You bite the cane toad, but do no damage.
The cane toad stings you.
You closely miss the cane toad. The water moccasin barely misses you.
The cane toad closely misses you.
You hit the cane toad but do no damage. The water moccasin bites you.
The cane toad barely misses you. The water moccasin barely misses you.
You hit the cane toad but do no damage.
The cane toad appears confused.
The cane toad stings you!
The water moccasin bites you but does no damage.
You barely miss the water moccasin. The water moccasin barely misses you.
The cane toad stings you!!
* * * LOW HITPOINT WARNING * * *
As you read the scroll of fog, it crumbles to dust.
The scroll dissolves into smoke.
The water moccasin completely misses you.
The water moccasin barely misses you. The water moccasin closely misses you.
Casting: Confusing Touch (dangerous; 5% risk of failure)
Confirm with . or Enter, or press ? or * to list all spells.
You feel a surge of power!
Your hands begin to glow red.
The water moccasin bites you but does no damage.
The water moccasin bites you.
* * * LOW HITPOINT WARNING * * *
You miss the water moccasin. Your bite misses the water moccasin.
The water moccasin bites you!
You die...

#..######.######..###.###
##..# ### #..# ## #...#
##..# #...############...#
###
##..#.##..##.##.P..#######..
#..........................
#....[.....................
#..............F...........
#..........@S....§..........
##.............§§.§§........
#.............§.§§§........
#...#.###..#####P§§#.#P###.#
##.^### #### ##F§##### ###
#§§P# #.P## #..# ....


You could see a cane toad (confused) and a water moccasin.

Vanquished Creatures
  A rime drake (Lair:1)
  4 blink frogs
  3 wyverns (D:8)
  3 yaks
  2 basilisks (D:8)
  2 steam dragons
  6 water moccasins
  2 orc warriors
  3 ice beasts
  A sky beast (D:7)
  2 ogres
  4 centaurs
  A kobold brigand (D:8)
  3 bullfrogs
  A wyvern zombie (D:8)
  3 scorpions
  A water moccasin zombie (D:6)
  2 gnoll sergeants
  5 killer bees
  2 bullfrog zombies
  5 centaur zombies
  3 gnoll shamans
  2 orc priests
  2 jellies
  2 bullfrog skeletons
  3 iguanas
  A hound skeleton (D:4)
  2 howler monkey zombies
  21 gnolls
  3 adders
  A howler monkey skeleton (D:7)
  A shadow imp (D:5)
  4 white imps
  2 ufetubi (D:5)
  An adder skeleton (D:4)
  4 worms
  A dart slug (D:2)
  21 orcs
  7 ball pythons
  3 endoplasms
  3 giant cockroaches
  8 goblins
  8 hobgoblins
  A jackal (D:3)
  11 kobolds
  6 quokkas
  4 bats
  A frilled lizard (D:2)
  A rat (D:3)
183 creatures vanquished.

Vanquished Creatures (others)
  A bush (D:8)
  11 fungi
  26 plants
38 creatures vanquished.

Grand Total: 221 creatures vanquished

Notes
Turn   | Place    | Note
-------+----------+-------------------------------------------
     0 | D:1      | jimonade the Gnoll Wanderer began the quest for the Orb.
     0 | D:1      | jimonade set off with the following items: a +0 dagger, a
                  | scroll of teleportation, a +0 robe, a scroll of
                  | vulnerability; and the following spells available to
                  | memorise: Beastly Appendage, Sting, Ice Form
     0 | D:1      | Reached XP level 1. HP: 23/23 MP: 4/4
     2 | D:1      | Learned a level 1 spell: Beastly Appendage
     4 | D:1      | Learned a level 1 spell: Sting
   284 | D:1      | Reached XP level 2. HP: 29/29 MP: 1/5
   552 | D:1      | Reached XP level 3. HP: 29/35 MP: 1/7
   755 | D:1      | Found a faded altar of an unknown god.
   976 | D:2      | Reached skill level 1 in Invocations
  1516 | D:2      | Reached skill level 1 in Short Blades
  1516 | D:2      | Reached skill level 1 in Long Blades
  1516 | D:2      | Reached skill level 1 in Axes
  1516 | D:2      | Reached skill level 1 in Maces & Flails
  1516 | D:2      | Reached skill level 1 in Polearms
  1516 | D:2      | Reached skill level 1 in Staves
  1516 | D:2      | Reached skill level 1 in Slings
  1516 | D:2      | Reached skill level 1 in Bows
  1516 | D:2      | Reached skill level 1 in Crossbows
  1516 | D:2      | Reached skill level 1 in Throwing
  1516 | D:2      | Reached skill level 1 in Armour
  1516 | D:2      | Reached skill level 1 in Dodging
  1516 | D:2      | Reached skill level 1 in Stealth
  1516 | D:2      | Reached skill level 1 in Shields
  1516 | D:2      | Reached skill level 1 in Unarmed Combat
  1619 | D:2      | Reached XP level 4. HP: 41/41 MP: 6/8
  2352 | D:3      | Found a shimmering altar of Xom.
  2448 | D:3      | Reached skill level 1 in Conjurations
  2448 | D:3      | Reached skill level 1 in Hexes
  2448 | D:3      | Reached skill level 1 in Summonings
  2448 | D:3      | Reached skill level 1 in Necromancy
  2448 | D:3      | Reached skill level 1 in Translocations
  2448 | D:3      | Reached skill level 1 in Fire Magic
  2448 | D:3      | Reached skill level 1 in Ice Magic
  2448 | D:3      | Reached skill level 1 in Air Magic
  2448 | D:3      | Reached skill level 1 in Earth Magic
  2448 | D:3      | Reached skill level 1 in Poison Magic
  2611 | D:3      | Found a faded altar of an unknown god.
  2818 | D:3      | Reached XP level 5. HP: 6/47 MP: 9/9
  3780 | D:4      | Found a white marble altar of Elyvilon.
  4339 | D:4      | Found Ateth's Antique Weapon Shop.
  4365 | D:4      | Reached XP level 6. HP: 34/53 MP: 4/10
  4523 | D:4      | Found a hide-covered altar of Uskayaw.
  5147 | D:5      | Entered Level 5 of the Dungeon
  5349 | D:5      | Reached skill level 9 in Transmutations
  5963 | D:5      | Reached XP level 7. HP: 57/59 MP: 9/12
  6332 | D:5      | Found an ancient bone altar of Kikubaaqudgha.
  6335 | D:5      | Found a broken altar of Ashenzari.
  6335 | D:5      | Noticed a yak
  6335 | D:5      | Noticed a yak
  6636 | D:5      | Noticed a yak
  7141 | D:6      | Found a hazy altar of Hepliaklqana.
  7206 | D:6      | Found a stormy altar of Qazlal.
  7454 | D:6      | Reached XP level 8. HP: 37/67 MP: 10/14
  7637 | D:6      | Found an opulent altar of Gozag.
  7971 | D:6      | Found a burning altar of Makhleb.
  8380 | D:6      | Found a shimmering blue altar of Sif Muna.
  8593 | D:6      | Became a worshipper of Sif Muna the Loreminder
  9038 | D:7      | Reached XP level 9. HP: 48/72 MP: 16/16
  9458 | D:7      | Found a staircase to the Ecumenical Temple.
  9465 | Temple   | Entered the Ecumenical Temple
  9723 | D:7      | Reached skill level 5 in Spellcasting
 10261 | D:7      | Reached skill level 5 in Evocations
 11195 | D:8      | Reached * piety under Sif Muna
 11417 | D:8      | Reached skill level 5 in Invocations
 12133 | D:8      | Found Nificrese's Armour Shoppe.
 12211 | D:8      | Reached XP level 10. HP: 25/80 MP: 18/18
 12787 | D:8      | Reached skill level 5 in Short Blades
 12787 | D:8      | Reached skill level 5 in Long Blades
 12787 | D:8      | Reached skill level 5 in Axes
 12787 | D:8      | Reached skill level 5 in Maces & Flails
 12787 | D:8      | Reached skill level 5 in Polearms
 12787 | D:8      | Reached skill level 5 in Staves
 12787 | D:8      | Reached skill level 5 in Slings
 12787 | D:8      | Reached skill level 5 in Bows
 12787 | D:8      | Reached skill level 5 in Crossbows
 12787 | D:8      | Reached skill level 5 in Throwing
 12787 | D:8      | Reached skill level 5 in Armour
 12787 | D:8      | Reached skill level 5 in Dodging
 12787 | D:8      | Reached skill level 5 in Stealth
 12787 | D:8      | Reached skill level 5 in Shields
 12787 | D:8      | Reached skill level 5 in Unarmed Combat
 12829 | D:8      | Found a staircase to the Lair.
 13758 | D:8      | Learned a level 3 spell: Stone Arrow
 14155 | D:8      | Found a glowing silver altar of Zin.
 14666 | D:9      | Identified the +1 helmet of Ydwae {rPois rC+ Will+}
 15169 | Lair:1   | Entered Level 1 of the Lair of Beasts
 15412 | Lair:1   | Noticed an eight-headed hydra
 15441 | Lair:1   | Learned a level 3 spell: Confusing Touch
 15621 | Lair:1   | Reached skill level 10 in Transmutations
 16312 | Lair:1   | Noticed a cane toad
 16331 | Lair:1   | Slain by a water moccasin

Illustrated notes

Levels and vault maps discovered:
D:1:      dpeg_arrival_rooms_a, layout_rooms, shapermc_ecumenical_altar_petra
D:2:      layout_basic, guppyfry_early_orc_mine
D:3:      layout_rooms, nicolae_overflow_ecumenical_swirl,
          nicolae_overflow_crystal_walls, kennysheep_generic_room_3
D:4:      layout_basic, eat_drink_and_be_merry_uskayaw,
          mainiacjoe_overflow_alcove_1, serial_shops,
          nicolae_shop_overgrown_old_shop
D:5:      layout_basic, nicolae_overflow_squiral
D:6:      layout_cave_pools, mainiacjoe_overflow_concentric_impassable,
          overflow_temple_1_default, nicolae_qazlal_scattered_showers,
          mainiacjoe_overflow_tiny_flanked, kennysheep_little_box,
          kennysheep_potato
D:7:      wad_river_or_something, layout_basic,
          minmay_temple_entry_gardened_gates
D:8:      layout_loops_ring, zin_scriptorium, minmay_lair_entry_grove,
          serial_shops, nicolae_diamond_shop
D:9:      layout_basic
Temple:   jpeg_temple_alley_garden
Lair:1:   beast_lair_carwin_large_3, layout_long_grid

Skill      XL: |  1  2  3  4  5  6  7  8  9 10 |
---------------+-------------------------------+-----
Invocations    | 1 2 3 4 5 6 |  6.2
Short Blades   | 1 2 3 4 5 |  5.6
Long Blades    | 1 2 3 4 5 |  5.6
Axes           | 1 2 3 4 5 |  5.6
Maces & Flails | 1 2 3 4 5 |  5.6
Polearms       | 1 2 3 4 5 |  5.6
Staves         | 1 2 3 4 5 |  5.6
Slings         | 1 2 3 4 5 |  5.6
Bows           | 1 2 3 4 5 |  5.6
Crossbows      | 1 2 3 4 5 |  5.6
Throwing       | 1 2 3 4 5 |  5.6
Armour         | 1 2 3 4 5 |  5.6
Dodging        | 1 2 3 4 5 |  5.6
Stealth        | 1 2 3 4 5 |  5.6
Shields        | 1 2 3 4 5 |  5.6
Unarmed Combat | 1 2 3 4 5 |  5.6
Spellcasting   | 3 4 5 6 |  6.4
Conjurations   | 1 2 3 4 |  4.6
Hexes          | 1 2 3 4 |  4.6
Summonings     | 1 2 3 4 |  4.6
Necromancy     | 1 2 3 4 |  4.6
Translocations | 1 2 3 4 |  4.6
Fire Magic     | 1 2 3 4 |  4.6
Ice Magic      | 1 2 3 4 |  4.6
Air Magic      | 1 2 3 4 |  4.6
Earth Magic    | 1 2 3 4 |  4.6
Poison Magic   | 1 2 3 4 |  4.6
Evocations     | 3 4 5 6 |  6.3
Transmutations | 9 10 | 10.0
Fighting       | 7 8 |  8.7

Action                   |  1- 3 |  4- 6 |  7- 9 | 10-12 || total
-------------------------+-------+-------+-------+-------++-------
Melee: Dagger            |    17 |    12 |       |       ||    29
       Bite              |     2 |     9 |    37 |    10 ||    58
       Punch             |     1 |       |     7 |     3 ||    11
       Short sword       |     2 |    51 |   292 |    77 ||   422
       Kick              |       |       |    88 |    20 ||   108
       Headbutt          |       |       |    54 |    11 ||    65
Throw: Stone             |       |       |     1 |       ||     1
 Cast: Sting             |    57 |   111 |    86 |    26 ||   280
       Beastly Appendage |     1 |       |    43 |    12 ||    56
       Stone Arrow       |       |       |       |    56 ||    56
       Confusing Touch   |       |       |       |     8 ||     8
  Use: Scroll            |       |     2 |     4 |     5 ||    11
 Stab: Sleeping          |       |     1 |       |       ||     1
Armor: Robe              |     8 |    11 |    10 |    27 ||    56
       Ring mail         |       |       |   131 |    24 ||   155
Dodge: Dodged            |    31 |    49 |   224 |   102 ||   406
